 Dungeon Crawl Stone Soup version 0.31-a0-702-gf82c85558f (webtiles) character file.

Game seed: 14492706267924414167

185 qw the Shooter (level 5, -18/32 HPs)
             Began as a Gargoyle Hunter on Sept 8, 2023.
             Demolished by an ogre
             ... wielding a +0 giant spiked club
              (28 damage)
             ... on level 4 of the Dungeon.
             The game lasted 00:00:57 (2794 turns).

qw the Shooter (Gargoyle Hunter)                    Turns: 2794, Time: 00:00:58

Health: -18/32     AC: 11    Str: 14    XL:     5   Next: 64%
Magic:  5/5        EV: 11    Int: 10    God:
Gold:   193        SH:  0    Dex: 21    Spells: 4/4 levels left

rFire   . . .        Y - +0 shortbow (freeze)
rCold   . . .        (shield currently unavailable)
rNeg    + . .        i - +0 ring mail
rPois   inf          b - +0 helmet
rElec   +            (no cloak)
rCorr   .            (no gloves)
SInv    .            d - +0 pair of boots
Will    .....        (no amulet)
Stlth   +            f - +6 ring of dexterity
HPRegen 0.25/turn    (no ring)
MPRegen 0.09/turn

%: no passive effects
@: no status effects
A: sickness immunity, AC +4, negative energy resistance 1, electricity
resistance, torment resistance 1, petrification resistance
a: no special abilities


You were on level 4 of the Dungeon.
You visited 1 branch of the dungeon, and saw 4 of its levels.

You collected 193 gold pieces.


Innate Abilities, Weirdness & Mutations

You are immune to sickness and miasma.
Your stone body is resilient. (AC +4)
You are immune to poison.
You resist negative energy. (rN+)
You are resistant to electric shocks. (rElec)
You are resistant to unholy torment.
You are immune to petrification.


   Skills:
 + Level 3.2 Fighting
 - Level 6.0 Ranged Weapons
 - Level 1.9 Armour
 - Level 1.5 Dodging
 - Level 1.1 Stealth


You had 4 spell levels left.
You didn't know any spells.
Your spell library was empty.

Inventory:

Hand Weapons
 Y - a +0 shortbow of freezing (weapon)
Armour
 b - a +0 helmet (worn)
 d - a +0 pair of boots (worn)
 i - a +0 ring mail (worn)
Jewellery
 f - a +6 ring of dexterity (left hand)
Scrolls
 g - 4 scrolls of identify
 j - a scroll of teleportation
Potions
 a - a potion of curing
 h - a potion of heal wounds

Dungeon Overview and Level Annotations

Branches:
Dungeon (4/15)
 Temple: D:4-7

Altars:
Cheibriados
Yredelemnul
Zin

Shops:
D:2 :

Annotations:
D:3 2 runed translucent doors, qw's ghost, amateur GrHu


Message History

The arrow freezes the giant cockroach.
You kill the giant cockroach!
Things that are here:
a +0 short sword; 4 stones; a kobold corpse
g - 4 scrolls of identify (gained 1)
An ogre comes into view. It is wielding a +0 giant spiked club.
You shoot an arrow. The arrow hits the ogre!
The arrow freezes the ogre.
The ogre shouts!
The ogre is heavily wounded.
You shoot an arrow. The arrow completely misses the ogre.
You shoot an arrow. The arrow barely misses the ogre.
An iguana comes into view.
You shoot an arrow. The iguana hisses angrily.
The arrow hits the ogre!
The arrow freezes the ogre.
The ogre is almost dead.
You shoot an arrow.
The arrow hits the ogre but does no damage.
The ogre is almost dead.
You shoot an arrow.
The arrow hits the ogre but does no damage.
The ogre is almost dead.
The ogre misses you.
You shoot an arrow. The arrow barely misses the ogre.
The arrow hits the iguana!
The arrow freezes the iguana.
The iguana is severely wounded.
The ogre hits you with a +0 giant spiked club!!
Ouch! That really hurt!
You shoot an arrow. The arrow barely misses the ogre.
The arrow completely misses the iguana.
The ogre barely misses you.
You shoot an arrow. The arrow closely misses the ogre.
The iguana barely misses you.
You shoot an arrow. The arrow barely misses the ogre.
The ogre barely misses you. The iguana closely misses you.
You shoot an arrow. The arrow hits the ogre.
The arrow freezes the ogre.
The ogre is almost dead.
The ogre hits you with a +0 giant spiked club!!
Ouch! That really hurt!
You die...

#... ..........## ..
.....##..........#
... ...............#
....#.............##
....#.##.........<#
............)..#..#
............#....##
......l....##.....#
......O@..##......#
......#...###..####
#.... ##### ####
#.## #


You could see an ogre and an iguana.

Vanquished Creatures
  Jessica (D:2)
  Natasha (twice) (D:2)
  Robin (D:2)
  An adder (D:3)
  A worm (D:2)
  2 dart slugs
  3 orcs (D:3)
  8 bats
  5 endoplasms
  3 giant cockroaches
  16 goblins
  11 hobgoblins
  2 quokkas
  7 ball pythons
  2 frilled lizards
  4 kobolds
  6 rats
  A spectral orc (D:3)
76 creatures vanquished.

Notes
Turn   | Place    | Note
-------+----------+-------------------------------------------
     0 | D:1      | qw the Gargoyle Hunter began the quest for the Orb.
     0 | D:1      | Reached XP level 1. HP: 12/12 MP: 1/1
     0 | D:1      | 0 ||| qw: Version: 0.3-a-76-g4403597
     0 | D:1      | 0 ||| qw: Game counter: 1258
     0 | D:1      | 0 ||| qw: Melee chars always use a shield: true
     0 | D:1      | 0 ||| qw: God list: Okawaru
     0 | D:1      | 0 ||| qw: Allow faded altars: false
     0 | D:1      | 0 ||| qw: Do Orc after clearing Dungeon:15 true
     0 | D:1      | 0 ||| qw: Do second Lair branch before Depths: true
     0 | D:1      | 0 ||| qw: Lair rune preference: random
     0 | D:1      | 0 ||| qw: Goals: Normal
     0 | D:1      | 0 ||| PLANNING D:1-11
    38 | D:1      | 38 ||| DROPPING +1 sling of draining.
   115 | D:1      | Reached XP level 2. HP: 17/17 MP: 2/2
   374 | D:1      | Reached XP level 3. HP: 21/21 MP: 3/3
   447 | D:1      | Reached skill level 5 in Ranged Weapons
   624 | D:1      | 624 ||| UPGRADING to +0 pair of boots.
   629 | D:1      | 629 ||| UPGRADING to +0 ring mail.
   639 | D:1      | 639 ||| DROPPING +0 leather armour.
   640 | D:1      | 640 ||| READING scroll labelled KEKHLU PIHI.
   645 | D:1      | 645 ||| READING scroll labelled YLOS VIOXZOPT.
   646 | D:1      | 646 ||| READING scroll labelled VOXAB DYTOTS.
   647 | D:1      | 647 ||| READING 2 scrolls labelled WURHICR LEIH.
   648 | D:1      | 648 ||| READING scroll labelled MYPLUD GERR.
   649 | D:1      | 649 ||| DROPPING scroll of butterflies.
   650 | D:1      | 650 ||| DROPPING scroll of blinking.
   727 | D:2      | Noticed Natasha
   730 | D:2      | Killed Natasha
   731 | D:2      | Reached skill level 1 in Armour
   916 | D:2      | Reached XP level 4. HP: 27/27 MP: 4/4
   931 | D:2      | Noticed Robin
   949 | D:2      | Killed Robin
   960 | D:2      | Reached skill level 3 in Fighting
   962 | D:2      | HP: 7/28 [hobgoblin[Robin] (2)]
   969 | D:2      | HP: 5/28 [hobgoblin[Robin] (4)]
  1225 | D:2      | Found Yzisiora's Book Emporium.
  1229 | D:2      | Noticed Jessica
  1231 | D:2      | Killed Jessica
  1252 | D:2      | Reached XP level 5. HP: 32/32 MP: 5/5
  1387 | D:2      | Noticed Natasha
  1388 | D:2      | 1388 ||| FLEEEEING.
  1398 | D:2      | Killed Natasha
  1720 | D:2      | 1720 ||| UPGRADING to +0 helmet.
  1725 | D:2      | 1725 ||| READING 3 scrolls labelled PAROZA HEFFACU.
  1726 | D:2      | 1726 ||| DRINKING 2 glowing pink potions.
  1727 | D:2      | 1727 ||| DROPPING 2 scrolls of fear.
  1852 | D:3      | Found a large runed translucent door.
  1855 | D:3      | Found a large runed translucent door.
  1857 | D:3      | Noticed qw's ghost (amateur GrHu)
  1873 | D:3      | Found a glowing silver altar of Zin.
  1873 | D:3      | Found a snail-covered altar of Cheibriados.
  2012 | D:3      | Reached skill level 6 in Ranged Weapons
  2472 | D:3      | Found a faded altar of an unknown god.
  2524 | D:3      | Found a basalt altar of Yredelemnul.
  2717 | D:3      | 2717 ||| UPGRADING to +6 ring of dexterity.
  2718 | D:3      | 2718 ||| READING 2 scrolls labelled REROBI CEHUHO.
  2719 | D:3      | 2719 ||| READING 5 scrolls of identify.
  2719 | D:3      | 2719 ||| IDENTIFYING orange potion
  2720 | D:3      | 2720 ||| READING 4 scrolls of identify.
  2720 | D:3      | 2720 ||| IDENTIFYING green potion
  2721 | D:3      | 2721 ||| DROPPING potion of berserk rage.
  2722 | D:3      | 2722 ||| DROPPING scroll of poison.
  2764 | D:4      | 2764 ||| PLANNING SEWER
  2783 | D:4      | Noticed an ogre
  2794 | D:4      | Demolished by an ogre

Levels and vault maps discovered:
D:1:      grunt_arrival_lava_bath, layout_loops_ring, minmay_tromino_mix6
D:2:      layout_loops_corners, serial_shops, shop_statue,
          minmay_misc_feat_square, kennysheep_generic_room_9, uniq_natasha,
          uniq_jessica, uniq_robin
D:3:      minmay_inner_zag, layout_loops_ring,
          yredelemnul_forgotten_temple_becter, gammafunk_temple_overflow_pools,
          shapermc_ecumenical_altar_mp_vishouse, ebering_ghost_disaster_area,
          feat_on_display
D:4:      layout_cave_pools, kennysheep_mini, serial_shops,
          nicolae_shop_tiny_waterfront, nicolae_shop_stone,
          cheibrodos_sewer_entry_sluice

Skill      XL: |  1  2  3  4  5 |
---------------+----------------+-----
Ranged Weapons | 5 6 |  6.0
Armour         | 1 |  1.9
Fighting       | 3 |  3.2
Dodging        | |  1.5
Stealth        | |  1.1

Action                     |  1- 3 |  4- 6 || total
---------------------------+-------+-------++-------
   Fire: Shortbow          |    86 |   124 ||   210
    Use: Scroll            |     5 |     4 ||     9
         Potion            |       |     1 ||     1
 Armour: Leather armour    |    13 |       ||    13
         Ring mail         |     3 |    61 ||    64
  Dodge: Dodged            |     5 |    49 ||    54

Table legend:
 A = Non-vault XP
 B = Vault XP
 C = Vault XP percentage of total XP
 D = Non-vault monster count
 E = Vault monster count
 F = Vault count percentage of total count
                 A         B        C        D         E       F
            +---------+---------+-------+---------+---------+-------
      Total |     125 |     140 |  52.8 |      50 |      26 |  34.2
            +---------+---------+-------+---------+---------+-------
        D:1 |      35 |       5 |  12.5 |      21 |       4 |  16.0
        D:2 |      65 |     111 |  63.1 |      15 |      15 |  50.0
        D:3 |      22 |      24 |  52.2 |      12 |       7 |  36.8
        D:4 |       3 |       0 |   0.0 |       2 |       0 |   0.0
            +---------+---------+-------+---------+---------+-------
